cohdb
Replays
Latest Replays
All Replays
Popular Replays
Top Player Replays
Match Explorer
How It Works
Community
CoH3 Stats
Reddit
Sign in to upload your games and track your stats! →
Sign in with Steam
Match 41563451
Unlisted
Match 41563451
Overview
Messages
Build Orders
End
Kradschützen Motorcycle Team
Panzergrenadier Squad
Selects Panzerjäger Kommand Battlegroup
Selects Mine Fields
Panzergrenadier Squad
Panzergrenadier Squad
Construct Light Support Kompanie
2.5-tonne Medical Truck
Selects Defensive Positions
Fire Support Elements
Flakvierling Half-track
Forward Retreat Point
Construct Panzerarmee Kommand
Veteran Squad Leaders
le.IG 18 Mechanized Group
Panzer III L Medium Tank
Selects Tank Busters
Selects Butterfly Bomb Drop
Butterfly Bomb Drop
Panzer III L Medium Tank
Tungsten Core Ammunition
Emergency Repair Kits
Vehicle Survival Package
Butterfly Bomb Drop
Selects Tank Busters
Selects Crew Shock Tactics
Rapid Advance
Butterfly Bomb Drop
KOR_Leonie
Tatari◑。
只因未来
Fulgrim
MyStore
Spooky Boogie
Kenji
Jamesrulz
0
0
Comments
sign in to comment!
No comments posted yet!